 Dungeon Crawl Stone Soup version 0.31-a0-968-g24f9ace8b5 (webtiles) character file.

Game seed: 6986056096985399047

61 Dordric the Changeling (level 3, -3/28 HPs)
             Began as a Draconian Shapeshifter on Oct 27, 2023.
             Slain by a hobgoblin (5 damage)
             ... led by Robin
             ... on level 2 of the Dungeon.
             The game lasted 00:01:14 (1036 turns).

Dordric the Changeling (Draconian Shapeshifter)     Turns: 1036, Time: 00:01:15

Health: -3/28      AC:  5    Str: 18    XL:     3   Next: 83%
Magic:  3/3        EV: 12    Int: 10    God:
Gold:   111        SH:  0    Dex: 16    Spells: 2/2 levels left

rFire   . . .        g - +11 spear of the Hammering Gods {heavy, Fragile Dex+6}
rCold   . . .        (no shield)
rNeg    . . .        (body armour unavailable)
rPois   .            (helmet currently unavailable)
rElec   .            (cloak currently unavailable)
rCorr   .            (gloves currently unavailable)
SInv    .            (boots currently unavailable)
Will    .....        (no amulet)
Stlth   +            (no ring)
HPRegen 0.24/turn    (no ring)
MPRegen 0.08/turn

%: no passive effects
@: beast-form
A: beast (slay +2), AC +5, unfitting armour, cold-blooded
a: Begin Untransformation


You were on level 2 of the Dungeon.
You were a hulking beast.
You visited 1 branch of the dungeon, and saw 2 of its levels.

You collected 111 gold pieces.

Inventory:

Hand Weapons
 g - the +11 spear of the Hammering Gods (weapon) {heavy, Fragile Dex+6}
   (You found it on level 2 of the Dungeon)

   Dex+6:     It affects your dexterity (+6).
   Fragile:   It will be destroyed if unequipped.
Armour
 e - a +0 pair of gloves
Talismans
 b - a beast talisman
 c - a flux talisman
Scrolls
 d - a scroll of revelation {unknown}
 f - 2 scrolls of enchant weapon {unknown}
Potions
 a - a potion of lignification


   Skills:
 - Level 1.1 Fighting
 - Level 1.7 Dodging
 - Level 3.0 Unarmed Combat
 + Level 4.5 Shapeshifting


You had 2 spell levels left.
You didn't know any spells.
Your spell library was empty.

Dungeon Overview and Level Annotations

Branches:
Dungeon (2/15)

Altars:


Innate Abilities, Weirdness & Mutations

You are a hulking beast.
Your limbs bulge with bestial killing power. (Slay +2)
Your plain brown scales are hard. (AC +5)
You cannot fit into any form of body armour.
You are cold-blooded and may be slowed by cold attacks.


Message History

You puncture the goblin!
You kill the goblin!
The goblin hits you with a +0 club. The goblin closely misses you.
The hobgoblin barely misses you. The goblin hits you but does no damage.
You barely miss the goblin. The hobgoblin misses you.
The goblin hits you with a +0 club. The goblin misses you.
The goblin closely misses you. The goblin hits you but does no damage.
The hobgoblin closely misses you. The goblin hits you with a +0 club.
You puncture Robin! You tail-slap Robin.
Robin is almost dead.
The goblin barely misses you. The goblin completely misses you.
Robin hits you with a +0 mace.
The hobgoblin hits you but does no damage.
The goblin hits you with a +0 club.
* * * LOW HITPOINT WARNING * * *
The goblin closely misses you. The goblin misses you.
Robin hits you but does no damage. The goblin hits you but does no damage.
The hobgoblin closely misses you.
You impale the goblin!!
You kill the goblin!
The hobgoblin completely misses you. The goblin closely misses you.
You impale the goblin!!
You kill the goblin!
The hobgoblin barely misses you. Robin hits you with a +0 mace.
* * * LOW HITPOINT WARNING * * *
The goblin hits you with a +0 club.
* * * LOW HITPOINT WARNING * * *
The hobgoblin hits you.
* * * LOW HITPOINT WARNING * * *
The hobgoblin closely misses you.
You puncture Robin!
You kill Robin!
The hobgoblin closely misses you. The hobgoblin misses you.
The goblin hits you but does no damage.
You impale the goblin!!
You kill the goblin!
The hobgoblin no longer looks unusually strong.
The hobgoblin barely misses you. The goblin hits you but does no damage.
The hobgoblin hits you.
You die...

#.........#
#.....###
#####..####
#..#..# #.##
#....)#### #.#
#..##....##
##.###### #..
####..#
#.......#####..
##.#
#######.......#
###.##
#)g......
#.....
#hg......
#...>.
#gg....##
#..... #......#
###### #......#
#......#
#......#
#......#
#......#


You could see 3 hobgoblins and a goblin (strong).

Vanquished Creatures
  Robin (D:2)
  An adder (D:2)
  A worm (D:2)
  2 dart slugs
  A ball python (D:1)
  4 endoplasms
  A giant cockroach (D:1)
  5 hobgoblins
  3 quokkas
  3 bats
  A frilled lizard (D:1)
  6 goblins (D:2)
  2 kobolds (D:1)
31 creatures vanquished.

Notes
Turn   | Place    | Note
-------+----------+-------------------------------------------
     0 | D:1      | Dordric the Draconian Shapeshifter began the quest for the
                  | Orb.
     0 | D:1      | Reached XP level 1. HP: 16/16 MP: 1/1
   303 | D:1      | Reached XP level 2. HP: 20/23 MP: 2/2
   797 | D:2      | Identified the +11 spear of the Hammering Gods {heavy,
                  | Fragile Dex+6}
   820 | D:2      | Reached skill level 4 in Shapeshifting
   896 | D:2      | Reached XP level 3. HP: 25/28 MP: 3/3
  1023 | D:2      | Noticed Robin
  1034 | D:2      | HP: 1/28 [hobgoblin[Robin] (3)]
  1035 | D:2      | Killed Robin
  1036 | D:2      | Slain by a hobgoblin

Illustrated notes

Levels and vault maps discovered:
D:1:      wander_arrival_chamber, layout_loops_ring
D:2:      layout_rooms, uniq_robin

Skill      XL: |  1  2 |
---------------+-------+-----
Shapeshifting  | 4 |  4.5
Fighting       | |  1.1
Dodging        | |  1.7
Unarmed Combat | |  3.0

Action                     || total
---------------------------++-------
  Melee: Unarmed           ||    63
         Tailslap          ||     9
         Punch             ||     1
         Spear             ||    25
   Stab: Sleeping          ||     2
 Armour: Skin              ||    66
  Dodge: Dodged            ||    92

Table legend: (Time is in decaauts)
 A = Elapsed time spent in this place.
 B = Non-inter-level travel time spent in this place.
 C = Inter-level travel time spent in this place.
 D = Time resting spent in this place.
 E = Time spent auto-exploring this place.
 F = Levels seen in this place.
 G = Mean time per level.
                   A        B        C        D        E       F      G
               +--------+--------+--------+--------+--------+-----+--------+
         Total |   1054 |    994 |     60 |      0 |    777 |   2 |  527.0 |
       Dungeon |   1054 |    994 |     60 |      0 |    777 |   2 |  527.0 |
               +--------+--------+--------+--------+--------+-----+--------+

Top non-repeatable levels by time:
     D:1: 788 daAuts
     D:2: 265 daAuts
